 Dungeon Crawl Stone Soup version 0.19-b1-5-gdc9fa9d (webtiles) character file.

64 Goblin1989 the Cudgeler (level 3, 0/31 HPs)
             Began as a Minotaur Fighter on Oct 31, 2016.
             Slain by Terence
             ... wielding a +0 morningstar
              (7 damage)
             ... on level 2 of the Dungeon.
             The game lasted 00:03:21 (1212 turns).

Goblin1989 the Cudgeler (Minotaur Fighter)          Turns: 1212, Time: 00:03:21

Health: 0/31       AC:  6    Str: 21    XL:     3   Next: 91%
Magic:  2/2        EV:  7    Int:  5    God:
Gold:   38         SH:  9    Dex:  9    Spells: 0 memorised, 2 levels left

rFire  + . .     SeeInvis .     a - +0 flail
rCold  . . .     Gourm    .     b - +0 scale mail
rNeg   . . .     Faith    .     c - +0 shield
rPois  .         Spirit   .     (helmet restricted)
rElec  .         Reflect  .     (no cloak)
rCorr  .         Harm     .     (no gloves)
MR     .....                    (no boots)
Stlth  ..........               (no amulet)
                                (no ring)
                                f - ring of protection from fire

@: no status effects
A: retaliatory headbutt, horns 2
a: no special abilities


You were on level 2 of the Dungeon.
You were not hungry.

You visited 1 branch of the dungeon, and saw 2 of its levels.

You collected 38 gold pieces.

Inventory:

Hand Weapons
 a - a +0 flail (weapon)
Armour
 b - a +0 scale mail (worn)
 c - a +0 shield (worn)
 e - a +0 plate armour
 o - a +0 cloak
Jewellery
 f - a ring of protection from fire (left hand)
Scrolls
 h - 2 scrolls of identify {unknown}
 j - a scroll of random uselessness {unknown}
 k - 2 scrolls of remove curse {unknown}
 l - a scroll of blinking {unknown}
 m - a scroll of enchant weapon {unknown}
Potions
 d - a potion of might
 i - a potion of brilliance {unknown}
 n - a potion of cancellation {unknown}
 q - a potion of mutation {unknown}
Comestibles
 g - a meat ration {@e2}
 p - 4 bread rations {@e1}


   Skills:
 - Level 3.6 Fighting
 + Level 5.1 Maces & Flails
 - Level 3.6 Armour
 - Level 3.6 Shields


You had 2 spell levels left.
You didn't know any spells.

Dungeon Overview and Level Annotations

Branches:
Dungeon (2/15)

Altars:

Annotations:
D:2 Terence


Innate Abilities, Weirdness & Mutations

You reflexively headbutt those who attack you in melee.
You have a pair of horns on your head.


Message History

You are too injured to fight recklessly!
You are too injured to fight recklessly!
You are too injured to fight recklessly!
You are too injured to fight recklessly!
You are too injured to fight recklessly!
You are too injured to fight recklessly!
You are too injured to fight recklessly!
You are too injured to fight recklessly!
You are too injured to fight recklessly!
You are too injured to fight recklessly!
You are too injured to fight recklessly!
You hit Terence but do no damage. Your headbutt misses Terence.
Terence is almost dead.
Terence hits you with a morningstar.
* * * LOW HITPOINT WARNING * * *
You take 1 damage, and have 7/31 hp.
You closely miss Terence. Your headbutt misses Terence.
Terence is almost dead.
Terence hits you with a morningstar!
You die... █████████

.......█ █ ......█
.█.. .....██.█..
.......[█
█@......█
█@......█
█.......█
█.......█ ██
█.......█████████.
███>[.............
█....███████████
█...............
█████████.█████.
█.█.....


You could see Terence.

Vanquished Creatures
  Robin (D:2)
  An adder (D:2)
  A dart slug (D:1)
  A leopard gecko (D:1)
  7 bats
  A giant cockroach (D:1)
  12 goblins
  4 hobgoblins
  A quokka (D:2)
  2 frilled lizards
  2 kobolds (D:1)
  5 rats
38 creatures vanquished.

Notes
Turn   | Place    | Note
-------+----------+-------------------------------------------
     0 | D:1      | Goblin1989 the Minotaur Fighter began the quest for the Orb.
     0 | D:1      | Reached XP level 1. HP: 19/19 MP: 0/0
     3 | D:1      | Noticed a black mamba
     6 | D:1      | Noticed a black mamba
    65 | D:1      | Reached skill level 3 in Maces & Flails
    68 | D:1      | Reached XP level 2. HP: 16/26 MP: 1/1
   241 | D:1      | Upgraded the game from 0.19-b1-4-gd8a0a2a to 0.19-b1-5-gdc9fa9d
   525 | D:1      | Reached skill level 4 in Maces & Flails
   727 | D:2      | Reached XP level 3. HP: 28/31 MP: 2/2
   861 | D:2      | Noticed Robin
   873 | D:2      | Killed Robin
   873 | D:2      | Reached skill level 5 in Maces & Flails
  1198 | D:2      | Noticed Terence
  1212 | D:2      | Slain by Terence

Skill      XL: |  1  2  3 |
---------------+----------+-----
Maces & Flails | 3 4 5 |  5.1
Fighting       | |  3.6
Armour         | |  3.6
Shields        | |  3.6

Action                   || total
-------------------------++-------
Melee: Flail             ||    93
       Headbutt          ||    16
  Eat: Chunk             ||     1
Armor: Scale mail        ||    32
Dodge: Dodged            ||    32
Block: Shield            ||    57

Vault maps used:
D:1:      sevenhm_arrival_forest_fort_small_2
D:2:      first_bread, kennysheep_generic_room_7, uniq_robin, uniq_terence
